Map: Odyssey LE

Players

JORGEX

  • Race: Protoss Protoss
  • League: Platinum
  • Spawn Location: 11:00

Yata - Winner!

  • Race: Zerg Zerg
  • League: Platinum
  • Spawn Location: 5:00

VOD

Have the link to the VOD?

Description

Time

  • Played on: Nov. 7, 2017, 11:13 p.m.
  • Length: 10:36
Show
View Real Time Build Order
Export as new Build Order

JORGEX Protoss 

Build Orders:  

Get SALT Encoding   

  12  0:02  Probe (Chrono Boost)  
  13  0:13  Probe (Chrono Boost)  
  14  0:21  Pylon  
  14  0:24  Probe (Chrono Boost)  
  15  0:40  Gateway  
  15  0:43  Probe (Chrono Boost)  
  15  0:47  Assimilator  
  16  1:00  Gateway  
  16  1:06  Probe (Chrono Boost)  
  17  1:16  Probe (Chrono Boost)  
  18  1:31  Cybernetics Core  
  18  1:35  Probe (Chrono Boost)  
  19  1:46  Nexus  
  19  1:51  Probe (Chrono Boost)  
  20  2:06  Pylon  
  20  2:10  Adept  
  22  2:16  Warp Gate (Chrono Boost)  
  22  2:19  Assimilator  
  22  2:23  Probe (Chrono Boost)  
  22  2:24  Adept  
  24  2:55  Pylon  
  24  2:56  Adept  
  26  2:58  Probe (Chrono Boost)  
  27  3:06  Probe (Chrono Boost)  
  27  3:09  Probe (Chrono Boost)  
  29  3:13  Pylon  
  29  3:16  Probe (Chrono Boost)  
  30  3:21  Twilight Council  
  30  3:24  Adept  
  30  3:26  Probe (Chrono Boost)  
  33  3:28  Adept  
  35  3:35  Mothership Core  
  37  3:48  Probe  
  38  3:58  Resonating Glaives, Gateway  
  38  4:00  Probe  
  39  4:05  Probe  
  40  4:12  Probe  
  40  4:16  Probe  
  41  4:22  Gateway  
  42  4:24  Probe  
  42  4:26  Probe  
  44  4:36  Probe  
  44  4:37  Probe  
  45  4:40  Assimilator  
  46  4:47  Probe  
  46  4:48  Probe  
  47  4:58  Probe  
  48  5:00  Probe  
  49  5:08  Probe  
  49  5:13  Probe  
  51  5:19  Probe  
  48  5:35  Adept  
  48  5:36  Adept  
  52  5:57  Adept x3  
  52  6:04  Probe  
  59  6:11  Forge  
  59  6:14  Probe  
  59  6:18  Pylon  
  60  6:22  Probe  
  60  6:25  Probe  
  61  6:30  Pylon  
  61  6:32  Pylon  
  62  6:35  Probe  
  62  6:36  Probe  
  64  6:46  Probe  
  64  6:48  Probe  
  64  6:49  Adept  
  64  6:50  Adept x3  
  64  6:53  Protoss Ground Weapons Level 1  
  74  7:00  Photon Cannon, Probe  
  75  7:12  Probe  
  54  7:18  Adept  
  54  7:19  Adept x3  
  56  7:24  Nexus  
  56  7:33  Pylon  
  56  7:37  Pylon  
  56  7:53  Pylon  
  56  7:54  Pylon  
  56  7:55  Pylon, Photon Cannon  
  56  7:56  Photon Cannon  
  56  7:59  Photon Cannon  
  56  8:02  Photon Cannon  
  56  8:07  Assimilator  
  56  8:15  Stargate  
  56  8:18  Stargate  
  56  8:29  Adept x4, Assimilator  
  64  8:35  Probe  
  65  8:46  Probe  
  66  8:51  Adept  
  66  8:52  Adept x3  
  74  8:56  Probe  
  75  9:07  Probe  
  76  9:16  Stalker x4  
  53  9:41  Adept  
  53  9:42  Adept x3  
  53  10:15  Dark Shrine  
  49  10:22  Adept x4  
Show
View Real Time Build Order
Export as new Build Order

Yata Zerg - Winner!

Build Orders: Hatch First 

Get SALT Encoding   

  12  0:01  Drone  
  13  0:12  Overlord  
  13  0:18  Drone  
  14  0:30  Drone x2  
  14  0:34  Drone  
  17  0:58  Hatchery  
  17  0:59  Drone x2  
  18  1:12  Extractor  
  18  1:15  Spawning Pool  
  18  1:16  Drone  
  17  1:20  Drone  
  18  1:28  Drone  
  19  1:38  Overlord  
  19  1:49  Drone  
  20  2:00  Drone  
  21  2:01  Queen  
  23  2:10  Queen  
  23  2:11  Zergling x4  
  23  2:14  Metabolic Boost  
  27  2:21  Overlord  
  27  2:24  Drone  
  27  2:28  Evolution Chamber  
  27  2:33  Drone x2  
  29  2:37  Baneling Nest  
  28  2:50  Drone x2  
  30  2:57  Drone x2  
  32  3:09  Pneumatized Carapace  
  32  3:12  Drone x3  
  35  3:13  Drone x2  
  35  3:14  Overlord  
  35  3:19  Drone x2  
  39  3:33  Drone x2  
  39  3:34  Drone x2  
  43  3:45  Extractor, Drone  
  43  3:46  Drone  
  43  3:47  Drone  
  43  3:48  Zergling x2, Hatchery  
  45  3:50  Zergling x2  
  46  3:56  Baneling x2  
  46  3:57  Baneling x2  
  46  4:05  Zergling x10  
  51  4:23  Overlord x4  
  50  4:40  Zerg Melee Weapons Level 1, Queen  
  50  4:45  Lair  
  52  4:51  Drone  
  52  4:52  Drone x10  
  61  5:16  Zergling x4  
  61  5:17  Zergling x12  
  68  5:26  Zergling x4  
  68  5:27  Zergling x6  
  68  5:45  Zergling x10  
  68  5:47  Baneling x3  
  73  5:54  Centrifical Hooks  
  73  5:57  Hydralisk Den  
  73  6:03  Zergling x14  
  73  6:04  Zergling x2  
  80  6:15  Hatchery  
  79  6:19  Queen  
  79  6:20  Queen x2  
  79  6:23  Zergling x2  
  79  6:24  Zergling x8  
  90  6:26  Overlord x3  
  90  6:42  Muscular Augments  
  90  6:45  Zerg Melee Weapons Level 2  
  90  6:47  Hydralisk  
  92  6:55  Extractor  
  91  7:05  Baneling  
  91  7:06  Baneling x3  
  91  7:13  Hydralisk  
  84  7:25  Hydralisk  
  80  7:33  Hydralisk  
  80  7:36  Drone x2  
  80  7:37  Drone  
  85  7:38  Drone x2  
  85  7:39  Drone x13  
  85  7:41  Overlord x3  
  100  7:45  Queen  
  102  7:55  Zergling x2  
  102  7:56  Zergling x16  
  111  8:02  Zergling x4  
  113  8:06  Hydralisk  
  113  8:07  Hydralisk  
  117  8:14  Hydralisk x3  
  117  8:17  Zergling x2  
  117  8:18  Zergling x8  
  128  8:24  Infestation Pit  
  128  8:26  Zergling x2  
  131  8:27  Zergling x12  
  134  8:37  Zergling x2  
  134  8:38  Zergling x6  
  134  8:40  Baneling x5  
  138  8:44  Extractor  
  138  8:47  Extractor  
  134  8:50  Baneling x4  
  134  8:53  Zergling x2  
  134  8:54  Zergling x18  
  143  9:06  Drone x4  
  143  9:08  Extractor  
  139  9:12  Zergling x8  
  133  9:22  Zergling x12  
  133  9:23  Zergling x6  
  136  9:26  Zergling x4  
  133  9:38  Overlord x5  
  129  9:39  Overlord x2  
  129  9:40  Zergling x4  
  131  9:46  Hatchery  
  130  9:54  Hydralisk  
  130  9:55  Hydralisk x3  
  138  10:00  Zergling x2  
  138  10:01  Zergling x10  
  138  10:06  Hydralisk  
  140  10:07  Hydralisk x4  
Tags
 
Matchup
PvZ
Replay Pack
Pack 1
Spawn Locations
Cross Positions
Add a new tag
Caveats
  • Supply blocks, unpowered buildings, or Contaminate may cause inaccurate times.
  • Supply counts are checked every 10 seconds.